 Dungeon Crawl Stone Soup version 0.27-a0-1434-g6f15984924 (webtiles) character file.

Game seed: 6917459453800196484

26093 Gargoyl the Fighter (level 13, -2/93 HPs)
             Began as a Gnoll Abyssal Knight on July 3, 2021.
             Was a High Priest of Lugonu.
             Slain by a blink frog (12 damage)
             ... on level 4 of the Lair of Beasts.
             The game lasted 00:18:19 (15173 turns).

Gargoyl the Fighter (Gnoll Abyssal Knight)         Turns: 15173, Time: 00:18:19

Health: -2/93      AC: 28    Str: 23    XL:     13   Next: 23%
Magic:  25/25      EV: 12    Int: 11    God:    Lugonu [*****.]
Gold:   2084       SH:  0    Dex: 16    Spells: 28/28 levels left

rFire    . . .     SeeInvis +   d - +11 quarterstaff "Zexkufec" {speed, rPois rN+ Dex+4}
rCold    + . .     Faith    .   (shield currently unavailable)
rNeg     + . .     Spirit   .   r - +3 chain mail "Huch" {Will- rCorr Str+6 SInv}
rPois    +         Reflect  .   c - +2 helmet
rElec    .         Harm     .   k - +2 cloak {Stlth+}
rCorr    +         Rampage  .   g - +2 pair of gloves
Will     .....                  i - +2 pair of boots
Stlth    ++........             (no amulet)
HPRegen  0.25/turn              l - ring of willpower
MPRegen  0.19/turn              (no ring)

@: about to teleport, marked
A: fangs 1, strong nose, distributed training, cold resistance 1, frail 1,
MP-powered wands
a: Renounce Religion, Depart the Abyss, Bend Space, Banish, Corrupt, Enter the
Abyss


You were on level 4 of the Lair of Beasts.
You worshipped Lugonu.
Lugonu was extremely pleased with you.
You visited 2 branches of the dungeon, and saw 12 of its levels.
You visited the Abyss 1 time.
You also visited: Ossuary.

You collected 2084 gold pieces.

Inventory:

Hand Weapons
 a - a +2 hand axe
 d - the +11 quarterstaff "Zexkufec" (weapon) {speed, rPois rN+ Dex+4}
   (You found it on level 2 of the Abyss)

   Attacks with this weapon are significantly faster.
   Dex:       It affects your dexterity (+4).
   rPois:     It protects you from poison.
   rN:        It protects you from negative energy.
Missiles
 A - 4 javelins (quivered)
Armour
 c - a +2 helmet (worn)
 g - a +2 pair of gloves (worn)
 i - a +2 pair of boots (worn)
 k - a +2 cloak of stealth (worn)
 r - the +3 chain mail "Huch" (worn) {Will- rCorr Str+6 SInv}
   (You found it on level 6 of the Dungeon)

   Str:       It affects your strength (+6).
   SInv:      It lets you see invisible.
   rCorr:     It protects you from acid and corrosion.
   Will:      It decreases your willpower.
Jewellery
 l - a ring of willpower (left hand)
 B - the brooch of Shielding {Spirit SH+8}
   (You found it on level 2 of the Lair of Beasts)

   [amulet of guardian spirit]

   It causes incoming damage to be divided between your reserves of health and
   magic.
   SH:        It affects your SH (+8).
 D - a ring of magical power
Wands
 b - a wand of mindburst (15)
 p - a wand of flame (19)
 C - a wand of iceblast (11)
Scrolls
 s - a scroll of blinking
 u - a scroll of magic mapping
 w - 4 scrolls of enchant weapon
 y - 4 scrolls of identify
Potions
 e - a potion of heal wounds
 f - 3 potions of cancellation
 h - 2 potions of haste
 j - 4 potions of flight
 m - a potion of might
 n - a potion of curing
 o - 2 potions of lignification
 t - a potion of invisibility
 v - a potion of ambrosia
 x - a potion of brilliance
 z - a potion of mutation


   Skills:
 + Level 10.4 Fighting
 + Level 8.1 Short Blades
 + Level 8.1 Long Blades
 + Level 9.3 Axes
 + Level 8.1 Maces & Flails
 + Level 8.1 Polearms
 + Level 8.1 Staves
 + Level 8.1 Slings
 + Level 8.1 Bows
 + Level 8.1 Crossbows
 + Level 8.1 Throwing
 + Level 9.3 Armour
 + Level 8.5 Dodging
 + Level 8.1 Stealth
 + Level 8.1 Shields
 + Level 8.1 Unarmed Combat
 + Level 8.1 Spellcasting
 + Level 6.7 Conjurations
 + Level 6.7 Hexes
 + Level 6.7 Summonings
 + Level 6.7 Necromancy
 + Level 6.7 Translocations
 + Level 6.7 Transmutations
 + Level 6.7 Fire Magic
 + Level 6.7 Ice Magic
 + Level 6.7 Air Magic
 + Level 6.7 Earth Magic
 + Level 6.7 Poison Magic
 + Level 10.0 Invocations
 + Level 8.1 Evocations


You had 28 spell levels left.
You didn't know any spells.
Your spell library contained the following spells:

 Spells                   Type           Power      Damage    Failure   Level
 Animate Skeleton         Necr           38%        N/A       6%          1
 Apportation              Tloc           38%        N/A       6%          1
 Corona                   Hex            21%        N/A       6%          1
 Pain                     Necr           76%        1d7       6%          1
 Summon Small Mammal      Summ           76%        N/A       6%          1
 Corpse Rot               Necr/Air       N/A        N/A       9%          2
 Static Discharge         Conj/Air       19%        N/A       9%          2
 Inner Flame              Hex/Fire       19%        N/A       17%         3
 Ozocubu's Armour         Ice            19%        N/A       17%         3
 Portal Projectile        Hex/Tloc       38%        N/A       17%         3
 Summon Guardian Golem    Hex/Summ       19%        N/A       17%         3
 Vampiric Draining        Necr           9%         2d7       17%         3
 Animate Dead             Necr           9%         N/A       50%         4
 Dispel Undead            Necr           19%        3d11      50%         4
 Fulminant Prism          Conj/Hex       9%         3d7       50%         4
 Sticky Flame             Conj/Fire      19%        2d4       50%         4
 Alistair's Intoxication  Tmut/Pois      12%        N/A       85%         5
 Blade Hands              Tmut           9%         N/A       85%         5
 Borgnjor's Vile Clutch   Necr/Erth      9%         N/A       85%         5
 Excruciating Wounds      Necr           9%         N/A       85%         5
 Iskenderun's Battlesphe  Conj           19%        2d7       85%         5
 Lightning Bolt           Conj/Air       9%         1d22      85%         5
 Metabolic Englaciation   Hex/Ice        9%         N/A       85%         5
 Death Channel            Necr           9%         N/A       100%        6
 Eringya's Noxious Bog    Tmut/Pois      9%         N/A       100%        6
 Iron Shot                Conj/Erth      9%         9d3       100%        6
 Simulacrum               Ice/Necr       9%         N/A       100%        6
 Spellforged Servitor     Conj/Summ      9%         N/A       100%        7
 Maxwell's Capacitive Co  Air            9%         ∞         100%        8


Dungeon Overview and Level Annotations

Branches:
Dungeon (8/15)             Temple (0/1) D:5            Lair (4/6) D:8
 Shoals (0/4) Lair:4        Snake (0/4) Lair:2      Ossuary (visited)

Altars:
Ashenzari
Dithmenos
Trog
Wu Jian
Yredelemnul

Shops:
D:1 *

Portals:
Abyss: Lair:2

Annotations:
Lair:2 2 transporters, Mateji's ghost, journeyman DEAE


Innate Abilities, Weirdness & Mutations

You have very sharp teeth.
Your uncanny sense of smell can sniff out nearby items.
Your experience applies equally to all skills.
Your flesh is cold resistant. (rC+)
You are frail. (-10% HP)
You expend magic power (3 MP) to strengthen your wands.


Message History

The blink frog is almost dead.
The blink frog hits you. The blink frog hits you!
The blink frog blinks!
Unknown command.
You miss the blink frog.
The blink frog is almost dead.
The blink frog blinks!
The blink frog closely misses you. The blink frog hits you!
The blink frog blinks! x2; The blink frog hits you.
A bullfrog comes into view.
The blink frog blinks!
Unknown command.
The blink frog blinks!
The blink frog hits you but does no damage.
Unknown command.
The blink frog blinks! x2
A bullfrog comes into view.
The blink frog misses you.
Unknown command.
The blink frog blinks! x2; The blink frog barely misses you.
The blink frog hits you but does no damage.
The bullfrog swells and bulges.
The blink frog blinks!
The blink frog hits you but does no damage.
The blink frog hits you but does no damage.
The blink frog blinks!
The blink frog hits you!
The blink frog blinks!
A water moccasin comes into view.
A bullfrog comes into view.
The blink frog hits you!
* * * LOW HITPOINT WARNING * * *
The blink frog blinks!
The blink frog hits you but does no damage.
The blink frog blinks!
The blink frog hits you but does no damage. x2
The blink frog blinks!
The bullfrog hits you.
* * * LOW HITPOINT WARNING * * *
The blink frog hits you but does no damage.
Unknown command.
As you read the scroll of teleportation, it crumbles to dust.
You feel strangely unstable.
The blink frog blinks!
The bullfrog hits you.
* * * LOW HITPOINT WARNING * * *
The blink frog barely misses you. The blink frog hits you!
You die...

............................P....
............................PP...
..................#........P##..$
.................................
..#.P#...###....PP..#....#.#.....
...............PP................
...##.#..#.P.......#...........##
................F................
..........#..#..@FF..F...........
...............FPFF..............
.........#P.....#P.##S.....#.....
..............§....F..........§..
.........P.#..........##..#.#.##.
...:.............................
..####.P.#..(..##..#######.#..#..
.#####<......P#.#..###.###.S.P.#.
.........>.......................


You could see 5 blink frogs, a water moccasin and 3 bullfrogs.

Vanquished Creatures
  5 hydras
  2 two-headed ogres (D:8)
  A manticore (Lair:4)
  7 elephants
  2 black mambas (Lair:1)
  10 cane toads
  6 rime drakes
  7 komodo dragons
  A troll (D:7)
  A wind drake (Lair:4)
  4 blink frogs (Lair:4)
  7 dream sheep
  8 wyverns
  A yak (Lair:2)
  10 steam dragons (Lair:3)
  5 basilisks
  Menkaure (D:7)
  Edmund (D:5)
  3 nagas
  An acid dragon (Lair:3)
  12 water moccasins
  2 black bears (Lair:1)
  Duvessa (D:7)
  An ice beast (D:6)
  3 ogres
  2 orc warriors (D:8)
  8 wolves
  A phantom (D:5)
  2 gnoll sergeants
  A kobold brigand (D:7)
  12 bullfrogs
  3 scorpions
  Dowan (D:7)
  A water moccasin zombie (D:7)
  A wyvern skeleton (D:7)
  3 killer bees (D:8)
  3 electric eels
  A howler monkey (D:7)
  A bullfrog zombie (D:7)
  An orc priest (D:5)
  A centaur skeleton (D:5)
  3 hounds
  A bullfrog skeleton (D:6)
  4 iguanas
  Natasha (thrice) (D:2)
  3 orc wizards
  8 mummies (Ossuary)
  A hound skeleton (D:5)
  12 gnolls
  7 adders
  4 white imps
  An ufetubus (D:4)
  An adder skeleton (D:4)
  A worm (D:3)
  4 dart slugs
  12 orcs
  4 ball pythons
  4 endoplasms
  A giant cockroach (D:2)
  5 hobgoblins
  11 jackals
  2 quokkas (D:3)
  8 bats
  5 frilled lizards
  A gnoll zombie (Ossuary)
  5 goblins
  2 hobgoblin zombies (Ossuary)
  14 kobolds
  4 kobold zombies (Ossuary)
  An orc zombie (Ossuary)
  3 rats
  A butterfly (Lair:3)
280 creatures vanquished.

Vanquished Creatures (collateral kills)
  A steam dragon (D:8)
1 creature vanquished.

Vanquished Creatures (others)
  A rime drake (Lair:3)
  A butterfly (Lair:3)
  35 fungi
  76 plants
113 creatures vanquished.

Grand Total: 394 creatures vanquished

Notes
Turn   | Place    | Note
-------+----------+-------------------------------------------
     0 | Abyss:1  | Gargoyl the Gnoll Abyssal Knight began the quest for the
                  | Orb.
     0 | Abyss:1  | Reached XP level 1. HP: 23/23 MP: 3/3
    85 | Abyss:1  | Noticed a ynoxinul
   140 | Abyss:2  | Identified the +11 quarterstaff "Zexkufec" {speed, rPois
                  | rN+ Dex+4}
   172 | Abyss:2  | Noticed a hell hog
   173 | D:1      | Escaped the Abyss
   482 | D:1      | Reached * piety under Lugonu
   483 | D:1      | Reached XP level 2. HP: 29/29 MP: 5/5
   828 | D:1      | Reached XP level 3. HP: 31/35 MP: 6/6
   922 | D:1      | Found Zekkaol's Assorted Antiques.
  1268 | D:2      | Reached skill level 1 in Short Blades
  1268 | D:2      | Reached skill level 1 in Long Blades
  1268 | D:2      | Reached skill level 1 in Maces & Flails
  1268 | D:2      | Reached skill level 1 in Polearms
  1268 | D:2      | Reached skill level 1 in Staves
  1268 | D:2      | Reached skill level 1 in Slings
  1268 | D:2      | Reached skill level 1 in Bows
  1268 | D:2      | Reached skill level 1 in Crossbows
  1268 | D:2      | Reached skill level 1 in Throwing
  1268 | D:2      | Reached skill level 1 in Stealth
  1268 | D:2      | Reached skill level 1 in Shields
  1268 | D:2      | Reached skill level 1 in Unarmed Combat
  1268 | D:2      | Reached skill level 1 in Spellcasting
  1268 | D:2      | Reached skill level 1 in Evocations
  1272 | D:2      | Reached XP level 4. HP: 28/41 MP: 7/7
  1455 | D:2      | Reached skill level 1 in Conjurations
  1455 | D:2      | Reached skill level 1 in Hexes
  1455 | D:2      | Reached skill level 1 in Summonings
  1455 | D:2      | Reached skill level 1 in Necromancy
  1455 | D:2      | Reached skill level 1 in Translocations
  1455 | D:2      | Reached skill level 1 in Transmutations
  1455 | D:2      | Reached skill level 1 in Fire Magic
  1455 | D:2      | Reached skill level 1 in Ice Magic
  1455 | D:2      | Reached skill level 1 in Air Magic
  1455 | D:2      | Reached skill level 1 in Earth Magic
  1455 | D:2      | Reached skill level 1 in Poison Magic
  1492 | D:2      | Reached ** piety under Lugonu
  1493 | D:2      | Noticed Natasha
  1503 | D:2      | Killed Natasha
  1504 | D:2      | Reached XP level 5. HP: 42/47 MP: 8/8
  1886 | D:2      | Noticed Natasha
  1892 | D:2      | Killed Natasha
  1957 | D:2      | Noticed Natasha
  1961 | D:2      | Killed Natasha
  2166 | D:3      | Identified a scroll of acquirement
  2166 | D:3      | Acquired a +2 cloak of stealth
  2297 | D:3      | Reached skill level 5 in Invocations
  2605 | D:4      | Reached XP level 6. HP: 53/53 MP: 9/9
  2745 | D:4      | Found a broken altar of Ashenzari.
  2792 | D:4      | Reached skill level 5 in Axes
  2792 | D:4      | Reached skill level 5 in Armour
  3178 | D:5      | Entered Level 5 of the Dungeon
  3192 | D:5      | Reached XP level 7. HP: 59/59 MP: 10/10
  3304 | D:5      | Found a basalt altar of Yredelemnul.
  3305 | D:5      | Found a shadowy altar of Dithmenos.
  3305 | D:5      | Found an ornate altar of the Wu Jian Council.
  3528 | D:5      | Noticed Edmund
  3541 | D:5      | Killed Edmund
  3542 | D:5      | Reached XP level 8. HP: 60/67 MP: 12/12
  3591 | D:5      | Reached *** piety under Lugonu
  3685 | D:5      | Found a staircase to the Ecumenical Temple.
  4117 | D:6      | Identified the +3 chain mail "Huch" {Will- rCorr Str+6
                  | SInv}
  4755 | D:7      | Gained mutation: You have extremely sharp teeth. [potion of
                  | mutation]
  4755 | D:7      | Gained mutation: Your spells are a little harder to cast,
                  | but a little more powerful. [potion of mutation]
  4810 | D:7      | Noticed Menkaure
  4816 | D:7      | Killed Menkaure
  4817 | D:7      | Reached XP level 9. HP: 72/73 MP: 14/14
  4835 | D:7      | Noticed a troll
  4850 | D:7      | Killed a troll
  5106 | D:7      | Reached skill level 5 in Dodging
  5280 | D:7      | Found a bloodstained altar of Trog.
  5399 | D:7      | Noticed Duvessa
  5399 | D:7      | Noticed Dowan
  5406 | D:7      | Killed Duvessa
  5413 | D:7      | Killed Dowan
  5943 | D:8      | Found a sand-covered staircase.
  5956 | Ossuary  | Entered an ossuary
  5999 | Ossuary  | Reached **** piety under Lugonu
  6429 | D:8      | Noticed a two-headed ogre
  6438 | D:8      | Killed a two-headed ogre
  6439 | D:8      | Reached XP level 10. HP: 48/80 MP: 15/17
  6878 | D:8      | Noticed a two-headed ogre
  6885 | D:8      | Killed a two-headed ogre
  6886 | D:8      | Reached skill level 5 in Short Blades
  6886 | D:8      | Reached skill level 5 in Long Blades
  6886 | D:8      | Reached skill level 5 in Maces & Flails
  6886 | D:8      | Reached skill level 5 in Polearms
  6886 | D:8      | Reached skill level 5 in Staves
  6886 | D:8      | Reached skill level 5 in Slings
  6886 | D:8      | Reached skill level 5 in Bows
  6886 | D:8      | Reached skill level 5 in Crossbows
  6886 | D:8      | Reached skill level 5 in Throwing
  6886 | D:8      | Reached skill level 5 in Stealth
  6886 | D:8      | Reached skill level 5 in Shields
  6886 | D:8      | Reached skill level 5 in Unarmed Combat
  6886 | D:8      | Reached skill level 5 in Spellcasting
  6886 | D:8      | Reached skill level 5 in Evocations
  7069 | D:8      | HP: 2/82 [orc priest/divine providence (14)]
  7073 | D:8      | Found a staircase to the Lair.
  7074 | D:8      | HP: 3/82 [orc priest (8)]
  7786 | Lair:1   | Entered Level 1 of the Lair of Beasts
  7786 | Lair:1   | Noticed a cane toad
  7798 | Lair:1   | Banished a cane toad
  8165 | Lair:1   | Noticed a cane toad
  8166 | Lair:1   | Noticed a cane toad
  8173 | Lair:1   | Killed a cane toad
  8174 | Lair:1   | Reached XP level 11. HP: 83/87 MP: 19/19
  8300 | Lair:1   | Reached skill level 5 in Conjurations
  8300 | Lair:1   | Reached skill level 5 in Hexes
  8300 | Lair:1   | Reached skill level 5 in Summonings
  8300 | Lair:1   | Reached skill level 5 in Necromancy
  8300 | Lair:1   | Reached skill level 5 in Translocations
  8300 | Lair:1   | Reached skill level 5 in Transmutations
  8300 | Lair:1   | Reached skill level 5 in Fire Magic
  8300 | Lair:1   | Reached skill level 5 in Ice Magic
  8300 | Lair:1   | Reached skill level 5 in Air Magic
  8300 | Lair:1   | Reached skill level 5 in Earth Magic
  8300 | Lair:1   | Reached skill level 5 in Poison Magic
  8543 | Lair:1   | Noticed a five-headed hydra
  8551 | Lair:1   | Killed a five-headed hydra
  9185 | Lair:1   | Got the Catalogue of Bewitchment
  9523 | Lair:2   | Found a staircase to the Snake Pit.
 10016 | Lair:2   | Noticed a four-headed hydra
 10025 | Lair:2   | Killed a four-headed hydra
 10690 | Lair:2   | Reached XP level 12. HP: 82/96 MP: 22/22
 10934 | Lair:2   | Found the brooch of Shielding {Spirit SH+8}
 10954 | Lair:2   | Noticed an eight-headed hydra
 10963 | Lair:2   | Killed an eight-headed hydra
 11190 | Lair:2   | Noticed a seven-headed hydra
 11200 | Lair:2   | Killed a seven-headed hydra
 11532 | Lair:2   | Found a one-way gate to the infinite horrors of the Abyss.
 11532 | Lair:2   | Noticed Mateji's ghost (journeyman DEAE)
 11544 | Lair:2   | Found a transporter.
 11553 | Lair:2   | Found a transporter.
 11576 | Lair:2   | Noticed a hell hog
 11613 | Lair:2   | Noticed an eight-headed hydra
 11625 | Lair:2   | Killed an eight-headed hydra
 12529 | Lair:3   | Reached skill level 10 in Fighting
 13628 | Lair:3   | Reached ***** piety under Lugonu
 13872 | Lair:3   | Reached XP level 13. HP: 88/103 MP: 24/24
 14429 | Lair:4   | Found a staircase to the Shoals.
 14572 | Lair:4   | Lost mutation: Your spells are a little harder to cast, but
                  | a little more powerful. [potion of mutation]
 14572 | Lair:4   | Lost mutation: You have extremely sharp teeth. [potion of
                  | mutation]
 14572 | Lair:4   | Gained mutation: You expend magic power (3 MP) to
                  | strengthen your wands. [potion of mutation]
 14572 | Lair:4   | Gained mutation: You are frail. (-10% HP) [potion of
                  | mutation]
 14572 | Lair:4   | Gained mutation: Your flesh is cold resistant. (rC+)
                  | [potion of mutation]
 15020 | Lair:4   | Reached skill level 10 in Invocations
 15173 | Lair:4   | Slain by a blink frog

Illustrated notes

Levels and vault maps discovered:
D:1:      arrival_zaba_pyramid, layout_basic, serial_shops, shop
D:2:      layout_basic, kennysheep_generic_room_12, uniq_natasha
D:3:      layout_rooms, st_stairs_11
D:4:      layout_cave_pools, kennysheep_mini_moat, chequers_serial_rivers_room_b
D:5:      layout_layer_cave, chequers_temple_overflow_statue_of_worship,
          minmay_temple_entry_mini_moons, uniq_edmund
D:6:      layout_rooms
D:7:      layout_basic, lightli_temple_of_fire, uniq_menkaure, uniq_duvessa
D:8:      layout_loops_ring, minmay_lair_entry_grove,
          nicolae_ossuary_entry_ruins, hangedman_decor_opposing
Lair:1:   layout_long_grid, gammafunk_lair_bear_cave
Lair:2:   nzn_winding_woodlands_medium [nzn_winding_woodlands_hourglass,
          nzn_winding_woodlands_5x15_parted, nzn_winding_woodlands_5x5_three,
          nzn_winding_woodlands_5x5_checkerboard,
          nzn_winding_woodlands_center_diamonds,
          nzn_winding_woodlands_5x5_closed_star,
          nzn_winding_woodlands_5x5_open_star,
          nzn_winding_woodlands_5x15_river_crossing,
          nzn_winding_woodlands_5x5_perimeter], layout_big_grid,
          guppyfry_snake_entry_island, gammafunk_ghost_abyssal_escape,
          eino_small_chamber_without_monster, lemuel_fruit_fields
Lair:3:   layout_long_grid, bobbens_dragon_lair_wall,
          infiniplex_staircase_pool_2, lemuel_fruit_fields
Lair:4:   layout_long_grid, minmay_shoals_entry_beasts,
          portal_ice_cave_entry_imps, maelrawn_ghost_gauntlet_escape,
          serial_bayou_ford_a, serial_bayou_lake_a

Skill      XL: |  1  2  3  4  5  6  7  8  9 10 11 12 13 |
---------------+----------------------------------------+-----
Short Blades   | 1 2 3 4 5 6 7 8 |  8.1
Long Blades    | 1 2 3 4 5 6 7 8 |  8.1
Maces & Flails | 1 2 3 4 5 6 7 8 |  8.1
Polearms       | 1 2 3 4 5 6 7 8 |  8.1
Staves         | 1 2 3 4 5 6 7 8 |  8.1
Slings         | 1 2 3 4 5 6 7 8 |  8.1
Bows           | 1 2 3 4 5 6 7 8 |  8.1
Crossbows      | 1 2 3 4 5 6 7 8 |  8.1
Throwing       | 1 2 3 4 5 6 7 8 |  8.1
Stealth        | 1 2 3 4 5 6 7 8 |  8.1
Shields        | 1 2 3 4 5 6 7 8 |  8.1
Unarmed Combat | 1 2 3 4 5 6 7 8 |  8.1
Spellcasting   | 1 2 3 4 5 6 7 8 |  8.1
Evocations     | 1 2 3 4 5 6 7 8 |  8.1
Conjurations   | 1 2 3 4 5 6 |  6.7
Hexes          | 1 2 3 4 5 6 |  6.7
Summonings     | 1 2 3 4 5 6 |  6.7
Necromancy     | 1 2 3 4 5 6 |  6.7
Translocations | 1 2 3 4 5 6 |  6.7
Transmutations | 1 2 3 4 5 6 |  6.7
Fire Magic     | 1 2 3 4 5 6 |  6.7
Ice Magic      | 1 2 3 4 5 6 |  6.7
Air Magic      | 1 2 3 4 5 6 |  6.7
Earth Magic    | 1 2 3 4 5 6 |  6.7
Poison Magic   | 1 2 3 4 5 6 |  6.7
Dodging        | 3 4 5 6 7 8 |  8.5
Invocations    | 5 6 7 8 9 10 | 10.0
Axes           | 5 6 7 8 9 |  9.3
Armour         | 5 6 7 8 9 |  9.3
Fighting       | 7 8 9 10 | 10.4

Action                   |  1- 3 |  4- 6 |  7- 9 | 10-12 | 13-15 || total
-------------------------+-------+-------+-------+-------+-------++-------
Melee: Quarterstaff      |    54 |    95 |   208 |   501 |   106 ||   964
       Bite              |     4 |     8 |    30 |   101 |    13 ||   156
Throw: Throwing net      |       |       |       |     2 |       ||     2
       Javelin           |       |       |       |       |     1 ||     1
Invok: Depart the Abyss  |     1 |       |       |       |       ||     1
       Banish            |       |       |       |     3 |       ||     3
  Use: Potion            |     1 |       |     1 |     5 |     1 ||     8
       Scroll            |     2 |     4 |    12 |     7 |     3 ||    28
 Stab: Sleeping          |       |     1 |       |     2 |       ||     3
       Distracted        |       |       |     1 |       |       ||     1
Armor: Scale mail        |    31 |    56 |       |       |       ||    87
       Plate armour      |       |    21 |    23 |       |       ||    44
       Chain mail        |       |       |   119 |   308 |    76 ||   503
Dodge: Dodged            |    27 |    38 |   104 |   251 |    64 ||   484

Table legend: (Time is in decaauts)
 A = Elapsed time spent in this place.
 B = Non-inter-level travel time spent in this place.
 C = Inter-level travel time spent in this place.
 D = Time resting spent in this place.
 E = Time spent auto-exploring this place.
 F = Levels seen in this place.
 G = Mean time per level.
                   A        B        C        D        E       F      G
               +--------+--------+--------+--------+--------+-----+--------+
         Total |  14907 |  14662 |    245 |   2750 |   9475 |  15 |  993.8 |
       Dungeon |   7060 |   6873 |    187 |    351 |   5282 |   8 |  882.5 |
          Lair |   7221 |   7163 |     58 |   2182 |   3944 |   4 | 1805.2 |
         Abyss |    172 |    172 |      0 |      0 |    117 |   2 |   86.0 |
       Ossuary |    454 |    454 |      0 |    217 |    132 |   1 |  454.0 |
               +--------+--------+--------+--------+--------+-----+--------+

Top non-repeatable levels by time:
  Lair:1: 2740 daAuts
  Lair:2: 1888 daAuts
  Lair:3: 1783 daAuts
     D:8: 1383 daAuts
     D:7: 1134 daAuts
     D:1: 1045 daAuts
     D:2: 871 daAuts
     D:5: 826 daAuts
  Lair:4: 809 daAuts
     D:6: 723 daAuts
     D:4: 649 daAuts
 Ossuary: 454 daAuts
     D:3: 425 daAuts
 Abyss:1: 96 daAuts
 Abyss:2: 76 daAuts
